 Dungeon Crawl Stone Soup version 0.21-a0-396-ga924934 (webtiles) character file.

171 Atlas the Chiller (level 5, -1/37 HPs)
             Began as a Demonspawn Ice Elementalist on Oct 19, 2017.
             Slain by an adder (3 damage)
             ... in a sewer.
             The game lasted 00:05:47 (3440 turns).

Atlas the Chiller (Demonspawn Ice Elementalist)     Turns: 3440, Time: 00:05:48

Health: -1/37      AC: 11    Str:  6 (8)  XL:     5   Next: 26%
Magic:  9/9        EV:  6    Int: 15 (16) God:
Gold:   102        SH:  0    Dex: 12 (15) Spells: 3/9 levels left

rFire    + + .     SeeInvis .     - Unarmed
rCold    x . .     Gourm    .   (no shield)
rNeg     . . .     Faith    .   e - +0 fire dragon scales
rPois    .         Spirit   .   (helmet restricted)
rElec    .         Reflect  .   s - +2 cloak
rCorr    .         Harm     .   (no gloves)
MR       .....                  (no boots)
Stlth    ..........             (no amulet)
HPRegen  0.12/turn              (no ring)
MPRegen  0.11/turn              (no ring)

@: flying, very slightly contaminated
A: hooves 1, horns 2, powered by pain 1
a: no special abilities


You were in a sewer.
You were not hungry.

You visited 1 branch of the dungeon, and saw 3 of its levels.
You also visited: Sewer.

You collected 102 gold pieces.

Inventory:

Armour
 a - a +0 robe
 e - +0 fire dragon scales (worn)
 s - a +2 cloak (worn)
Magical Staves
 t - an uncursed staff of fire
Books
 b - a book of Frost

   Spells                             Type                      Level
   a - Freeze                         Ice                          1
   b - Throw Frost                    Conjuration/Ice              2
   c - Ozocubu's Armour               Charms/Ice                   3
   d - Throw Icicle                   Conjuration/Ice              4
   e - Summon Ice Beast               Ice/Summoning                4
Comestibles
 c - a bread ration
 f - a meat ration
 o - a chunk of flesh
 p - a royal jelly


   Skills:
 + Level 1.1 Fighting
 + Level 0.4 Armour
 + Level 2.6 Dodging
 - Level 1.8 Stealth
 + Level 1.9 Unarmed Combat
 + Level 2.9 Spellcasting
 + Level 1.0 Conjurations
 + Level 3.5 Ice Magic


You had 3 spell levels left.
You knew the following spells:

 Your Spells              Type           Power        Failure   Level  Hunger
a - Freeze                Ice            ##..         83%         1    #......
b - Throw Frost           Conj/Ice       #.....       98%         2    ##.....
c - Ozocubu's Armour      Chrm/Ice       #.......     100%        3    ###....


Dungeon Overview and Level Annotations

Branches:
Dungeon (3/15)

Altars:
Trog
Yredelemnul

Annotations:
D:2 1 runed door Sewer ShadedKnight's ghost, amateur GnSk


Innate Abilities, Weirdness & Mutations

You have large cloven feet.
You have a pair of horns on your head.
You sometimes gain a little power by taking damage.


Message History

The ball python grabs you.
* * * LOW HITPOINT WARNING * * *
The ball python constricts you.
The ball python's grasp on you weakens, but your attempt to escape fails.
The ball python bites you.
* * * LOW HITPOINT WARNING * * *
The ball python constricts you.
You escape the ball python's grasp.
A frilled lizard comes into view.
The frilled lizard hisses angrily.
Your extra speed is starting to run out.
You hit the frilled lizard.
You kill the frilled lizard!
You feel yourself slow down.
ShadedKnight's ghost mumbles some strange words.
ShadedKnight's ghost's wounds begin to heal before your eyes!
The adder bites you but does no damage. The rat bites you.
* * * LOW HITPOINT WARNING * * *
The rat closely misses you. The adder bites you.
You die...

####≈≈≈##......####...r.
≈#≈#≈≈≈≈≈##≈≈....##.W....
#≈#≈#≈≈≈≈≈rWr≈≈≈r≈.......
#≈#≈≈≈≈≈≈≈r≈≈≈≈≈≈≈≈≈≈≈≈≈
≈#≈#≈≈≈≈≈≈≈≈≈≈≈≈≈≈≈≈≈≈≈≈
#≈#≈≈≈≈≈≈≈≈≈≈≈≈≈≈≈≈≈≈≈≈≈
#≈#≈#≈≈≈S≈≈≈≈≈≈≈≈≈≈≈≈≈≈≈≈
#####≈≈≈S≈≈≈≈≈≈≈≈≈≈≈.....
#≈≈r@≈≈≈≈≈≈≈≈≈.......
#≈≈≈≈≈≈≈≈≈...........
+....................
#...........W........
#...............##..S
###..###....r ##r. ####
#... ###..# ### #∩WS##
#####


You could see ShadedKnight's ghost, an adder, a ball python and 4 rats.

Vanquished Creatures
  A human zombie (D:2)
  Terence (D:1)
  5 adders
  An ooze (D:2)
  A worm (D:3)
  2 dart slugs (D:1)
  2 leopard geckos
  2 ball pythons
  A giant cockroach (D:2)
  13 goblins
  3 hobgoblins
  4 jackals
  2 kobolds (D:2)
  A quokka (D:3)
  5 bats
  8 frilled lizards
  A jackal skeleton (D:2)
  A jackal zombie (D:2)
  11 rats
65 creatures vanquished.

Notes
Turn   | Place    | Note
-------+----------+-------------------------------------------
     0 | D:1      | Atlas the Demonspawn Ice Elementalist began the quest for the Orb.
     0 | D:1      | Reached XP level 1. HP: 13/13 MP: 3/3
   250 | D:1      | Reached skill level 3 in Ice Magic
   250 | D:1      | Gained mutation: You have large cloven feet. [demonic ancestry]
   250 | D:1      | Reached XP level 2. HP: 13/19 MP: 1/5
  1098 | D:2      | Gained mutation: You have a pair of small horns on your head. [demonic ancestry]
  1098 | D:2      | Reached XP level 3. HP: 11/24 MP: 2/6
  1210 | D:2      | Noticed Terence
  1320 | D:1      | Learned a level 2 spell: Throw Frost
  1325 | D:1      | Learned a level 3 spell: Ozocubu's Armour
  1370 | D:1      | Killed Terence
  1370 | D:1      | Reached skill level 1 in Unarmed Combat
  1370 | D:1      | Gained mutation: You have a pair of horns on your head. [demonic ancestry]
  1370 | D:1      | Reached XP level 4. HP: 10/30 MP: 0/8
  2051 | D:2      | Found a runed door.
  2051 | D:2      | Noticed a human
  2190 | D:2      | Found a bloodstained altar of Trog.
  2620 | D:2      | Reached skill level 1 in Fighting
  2665 | D:2      | Gained mutation: You sometimes gain a little power by taking damage. [demonic ancestry]
  2665 | D:2      | Reached XP level 5. HP: 17/37 MP: 5/9
  2968 | D:2      | Found a basalt altar of Yredelemnul.
  3176 | D:3      | Found a glowing drain.
  3224 | Sewer    | Entered a sewer
  3317 | Sewer    | Noticed ShadedKnight's ghost (amateur GnSk)
  3440 | Sewer    | Slain by an adder

Vault maps used:
D:1:      ncdulo_smallfort, patterned_corridor
D:2:      nicolae_overflow_crystal_walls, serial_bayou, serial_bayou_pond_b,
          serial_bayou_lagoon_a, serial_bayou_pond_c, serial_bayou_pond_a,
          dk_yredelemnul_ordeal, uniq_terence
D:3:      lemuel_doored_altar, portal_sewer_entry_a
Sewer:    sewer_minmay_treatment

Skill      XL: |  1  2  3  4 |
---------------+-------------+-----
Ice Magic      | 3 |  3.5
Dodging        | 2 |  2.6
Unarmed Combat | 1 |  1.9
Fighting       | 1 |  1.1
Armour         | |  0.4
Stealth        | |  1.8
Spellcasting   | |  2.9
Conjurations   | |  1.0

Action                   |  1- 3 |  4- 6 || total
-------------------------+-------+-------++-------
Melee: Unarmed           |    97 |   164 ||   261
       Kick              |    15 |    43 ||    58
       Headbutt          |     7 |    17 ||    24
 Cast: Freeze            |    22 |     8 ||    30
       Ozocubu's Armour  |     1 |     5 ||     6
  Use: Potion            |     1 |     7 ||     8
       Scroll            |       |     7 ||     7
 Stab: Sleeping          |     4 |       ||     4
  Eat: Chunk             |     2 |     7 ||     9
Armor: Robe              |    32 |    37 ||    69
       Fire dragon scale |       |    59 ||    59
Dodge: Dodged            |    92 |   140 ||   232

Table legend:
 A = Spawn XP
 B = Non-spawn XP
 C = Spawn XP percentage of total XP
 D = Spawn monster count
 E = Non-spawn monster count
 F = Spawn count percentage of total count
 G = Total turns spent on level
                    A         B        C        D         E        F      G
               +---------+---------+-------+---------+---------+-------+---------
         Total |       0 |     245 |   0.0 |       0 |      65 |   0.0 |  3440
               +---------+---------+-------+---------+---------+-------+---------
           D:1 |       0 |      68 |   0.0 |       0 |      20 |   0.0 |  1516
           D:2 |       0 |     144 |   0.0 |       0 |      32 |   0.0 |  1594
           D:3 |       0 |      16 |   0.0 |       0 |       8 |   0.0 |   114
         Sewer |       0 |      17 |   0.0 |       0 |       5 |   0.0 |   216
               +---------+---------+-------+---------+---------+-------+---------
